 Dungeon Sprint DCSS version 0.29-a0-512-gf59ac788ac (webtiles) character file.

Game seed: 6465169487651455871

21 mhtbhm the Ruffian (level 2, -4/23 HPs)
             Began as a Draconian Transmuter on May 29, 2022.
             Was an Initiate of Gozag.
             Slain by a wyvern (9 damage)
             ... in the Dungeon (Sprint IX: "|||||||||||||||||||||||||||||").
             The game lasted 00:00:31 (298 turns).

mhtbhm the Ruffian (Draconian Transmuter)            Turns: 298, Time: 00:00:31

Health: -4/23      AC:  7    Str: 12    XL:     2   Next: 62%
Magic:  3/6        EV: 14    Int: 13    God:    Gozag
Gold:   0          SH:  0    Dex: 11    Spells: 4/7 levels left

rFire   . . .      SeeInvis .     - Unarmed
rCold   . . .      Faith    .   (no shield)
rNeg    . . .      Spirit   .   (body armour unavailable)
rPois   .          Reflect  .   (helmet currently unavailable)
rElec   .          Harm     .   (no cloak)
rCorr   .          Rampage  .   n - +0 pair of gloves
Will    .....      NoTele   +   (boots currently unavailable)
Stlth   +.........              (no amulet)
HPRegen 0.07/turn               k - +2 ring of evasion
MPRegen 0.10/turn               l - +2 ring of protection

@: appendages (expiring), wereblooded, hasted, very quick
A: horns 2, talons 2, AC +4, unfitting armour, cold-blooded
a: End Transformation, Renounce Religion, Potion Petition, Call Merchant, Bribe
Branch


You were in the Dungeon.
You worshipped Gozag.
Gozag was noncommittal.
You had temporarily grown beastly horns and talons.
You visited 1 branch

Inventory:

Armour
 m - a +0 pair of boots (melded)
 n - a +0 pair of gloves (worn)
Jewellery
 k - a +2 ring of evasion (left hand)
 l - a +2 ring of protection (right hand)
Wands
 j - a wand of iceblast (10)
Scrolls
 g - 2 scrolls of blinking
 i - 2 scrolls of amnesia
Potions
 a - a potion of lignification
 b - 5 potions of curing
 c - 3 potions of heal wounds
 e - 4 potions of magic
 f - a potion of berserk rage
 h - a potion of invisibility


   Skills:
 + Level 1.1 Fighting
 + Level 2.5 Dodging
 + Level 4.6 Unarmed Combat
 + Level 3.3 Spellcasting
 + Level 2.5 Transmutations


You had 4 spell levels left.
You knew the following spells:

 Your Spells              Type           Power      Damage    Failure   Level
a - Beastly Appendage     Tmut           16%        N/A       8%          1
b - Wereblood             Tmut           8%         N/A       12%         2

Your spell library contained the following spells:

 Spells                   Type           Power      Damage    Failure   Level
 Spider Form              Tmut/Pois      5%         N/A       36%         3
 Ice Form                 Ice/Tmut       5%         N/A       78%         4


Dungeon Overview and Level Annotations

Branches:
Dungeon (1/1)

Altars:
Cheibriados
Dithmenos
Elyvilon
Fedhas
Gozag
Hepliaklqana
Kikubaaqudgha
Makhleb
Nemelex Xobeh
Okawaru
Qazlal
Ru
Sif Muna
Trog
Uskayaw
Vehumet
Wu Jian
Xom
Yredelemnul
Zin
The Shining One
Beogh
Jiyva
Lugonu


Innate Abilities, Weirdness & Mutations

You have temporarily grown beastly horns and talons.
Your plain brown scales are hard. (AC +4)
You cannot fit into any form of body armour.
You are cold-blooded and may be slowed by cold attacks.


Message History

You see here a +0 pair of gloves.
n - a +0 pair of gloves You start putting on your armour.
You continue putting on your +0 pair of boots. x4
You finish putting on your +0 pair of boots.
You start putting on your armour.
You continue putting on your +0 pair of gloves. x4
You finish putting on your +0 pair of gloves.
You see here a +1 scale mail.
Casting: Beastly Appendage (safe; 8% risk of failure)
Confirm with . or Enter, or press ? or * to list all spells.
Your blood is infused with primal strength.
Casting: Wereblood (safe; 12% risk of failure)
Confirm with . or Enter, or press ? or * to list all spells.
You grow a pair of large bovine horns.
Your feet morph into talons.
Your +0 pair of boots melds into your body.
Unknown command.
You open the door.
A wyvern, 2 yaks, an acid dragon and an orc warrior come into view.
The wyvern hisses angrily.
The wyvern bites you.
Unknown command.
You feel yourself speed up. The wyvern bites you!
Ouch! That really hurt!
You closely miss the wyvern. You punch the wyvern, but do no damage.
The yak bellows!
The wyvern misses you.
You hit the wyvern but do no damage.
Your transformation is almost over.
The wyvern bites you.
* * * LOW HITPOINT WARNING * * *
You barely miss the wyvern.
Your tail-slap misses the wyvern.
The wyvern hisses menacingly.
The wyvern misses you.
You hit the wyvern. You claw the wyvern. You headbutt the wyvern.
The wyvern is moderately wounded.
The yak snorts and paws the ground.
The wyvern bites you!
You die...
Your body crumbles into a pile of gold. ▓▓▓▓▓▓▓▓▓▓▓▓▓▓▓▓▓▓▓▓▓▓▓▓ _______'..)...[.@lY{YD.o ▓▓▓▓▓▓▓▓▓▓▓▓▓▓▓▓▓▓▓▓▓▓▓▓ $ $ $$$$$$ $$$$$ $ $ $ $$$$$

You could see 2 yaks, an orc warrior, a wyvern and an acid dragon.

Vanquished Creatures
  A white imp (D)
  4 orcs (D)
  An endoplasm (D)
  A goblin (D)
  3 ball pythons (D)
10 creatures vanquished.

Notes
Turn   | Place    | Note
-------+----------+-------------------------------------------
     0 | D        | mhtbhm the Draconian Transmuter began the quest for the
                  | Orb.
     0 | D        | Reached XP level 1. HP: 16/16 MP: 3/3
   108 | D        | Reached skill level 4 in Unarmed Combat
   110 | D        | Reached XP level 2. HP: 23/23 MP: 2/5
   206 | D        | Learned a level 2 spell: Wereblood
   210 | D        | Found a snail-covered altar of Cheibriados.
   210 | D        | Found a shadowy altar of Dithmenos.
   210 | D        | Found a white marble altar of Elyvilon.
   210 | D        | Found a blossoming altar of Fedhas.
   210 | D        | Found an opulent altar of Gozag.
   211 | D        | Found a hazy altar of Hepliaklqana.
   212 | D        | Found a viscous altar of Jiyva.
   213 | D        | Found an ancient bone altar of Kikubaaqudgha.
   214 | D        | Found a corrupted altar of Lugonu.
   215 | D        | Found a burning altar of Makhleb.
   216 | D        | Found a sparkling altar of Nemelex Xobeh.
   217 | D        | Found an iron altar of Okawaru.
   218 | D        | Found a stormy altar of Qazlal.
   219 | D        | Found a sacrificial altar of Ru.
   220 | D        | Found a shimmering blue altar of Sif Muna.
   221 | D        | Found a bloodstained altar of Trog.
   222 | D        | Found a hide-covered altar of Uskayaw.
   223 | D        | Found a radiant altar of Vehumet.
   224 | D        | Found an ornate altar of the Wu Jian Council.
   232 | D        | Became a worshipper of Gozag Ym Sagoz the Greedy
   240 | D        | Found a shimmering altar of Xom.
   241 | D        | Found a basalt altar of Yredelemnul.
   242 | D        | Found a glowing silver altar of Zin.
   243 | D        | Found a glowing golden altar of the Shining One.
   293 | D        | Noticed a wyvern
   293 | D        | Noticed a yak
   293 | D        | Noticed a yak
   293 | D        | Noticed an acid dragon
   293 | D        | Noticed an orc warrior
   298 | D        | Slain by a wyvern

Illustrated notes

Levels and vault maps discovered:
D:        linesprint [early_d, line_temple, items_1, d_10, items_2, lair_1,
          lair_end, items_3, orc_1, orc_end, items_4, d_15, swamp_1, shoals_1,
          snake_1, spider_1, d_20, vaults_1, items_5, swamp_end, shoals_end,
          snake_end, spider_end, vaults_end, d_27, items_6, zot_1, zot_end,
          crypt_end, forest_end, elf_end, slime_end, tomb_end, abyss_end,
          pan_hell_end]

Skill      XL: |  1  2 |
---------------+-------+-----
Dodging        | 2 |  2.5
Unarmed Combat | 4 |  4.6
Spellcasting   | 3 |  3.3
Fighting       | |  1.1
Transmutations | |  2.5

Action                   || total
-------------------------++-------
Melee: Unarmed           ||    30
       Kick              ||     7
       Headbutt          ||     4
       Tailslap          ||     1
       Punch             ||     3
 Cast: Beastly Appendage ||     3
       Wereblood         ||     1
  Use: Potion            ||     1
Armor: Skin              ||     4
Dodge: Dodged            ||    13

Table legend: (Time is in decaauts)
 A = Elapsed time spent in this place.
 B = Non-inter-level travel time spent in this place.
 C = Inter-level travel time spent in this place.
 D = Time resting spent in this place.
 E = Time spent auto-exploring this place.
 F = Levels seen in this place.
 G = Mean time per level.
                   A        B        C        D        E       F      G
               +--------+--------+--------+--------+--------+-----+--------+
         Total |    293 |    293 |      0 |    162 |      3 |   1 |  293.0 |
       Dungeon |    293 |    293 |      0 |    162 |      3 |   1 |  293.0 |
               +--------+--------+--------+--------+--------+-----+--------+

Top non-repeatable levels by time:
       D: 293 daAuts
